AoeStats
← DOX BRAZIL

Nomad

509716030Analyzed
2v2 RM · 6d ago on Sep 27, 2026· 60m 46s· 4 players
Game mode
Random Map
Map size
176×176
Population
200
Speed
Normal
Resources
Standard
Victory
Conquest
Starting age
Dark Age
Ending age
Imperial Age
RankedLock teamsTeams togetherTeam positionsShared explorationLock speedFull tech treeHidden civsTurbo modeCheats
Victory
Defeat
🇬🇧 Japanese · United Kingdom
786
+17
🇺🇸 Armenians · United States
737
+18
🇧🇷 Malians · Brazil
838
-19
🇧🇷 Koreans · Brazil
761
-16
KALTON69
7:29 Loom
16:22 Feudal Age
21:01 Town Watch
21:52 Wheelbarrow
29:19 Castle Age
28:55 Fletching
31:10 Thumb Ring
32:06 Crossbowman
34:47 Double-Bit Axe
35:37 Bodkin Arrow
36:29 Eupseong
37:52 Bow Saw
39:23 Ballistics
42:23 Imperial Age
40:09 Treadmill Crane
40:57 Horse Collar
42:34 Murder Holes
42:49 Fortified Wall
42:50 Masonry
44:19 Chemistry
44:06 Conscription
44:07 Heated Shot
44:29 Masonry
44:05 Arrowslits
45:17 Bracer
45:50 Architecture
47:09 Gold Mining
47:10 Stone Mining
48:23 Two-Man Saw
48:12 Medium Warships
49:00 Arbalester
49:40 Elite Cannon Galleon
55:39 Hand Cart
Bruno
16:07 Feudal Age
22:19 Castle Age
26:07 Crossbowman
36:54 Ballistics
AnarchistOwl
5:02 Loom
19:38 Feudal Age
20:08 Town Watch
21:05 Wheelbarrow
21:30 Double-Bit Axe
21:36 Gold Mining
22:51 Man-at-Arms
23:24 Arson
24:16 Long Swordsman
24:55 Fishing Lines
25:54 Scale Mail Armor
26:05 Forging
28:20 Fletching
33:03 Castle Age
31:32 Bloodlines
33:47 Husbandry
33:42 Two-Handed Swordsman
34:08 Gambesons
35:00 Bow Saw
35:09 Hand Cart
36:38 Murder Holes
37:42 Town Patrol
37:57 Bodkin Arrow
39:56 Herbal Medicine
40:23 Stone Mining
41:47 Ballistics
42:21 Chain Mail Armor
42:41 Iron Casting
43:15 Squires
43:17 Treadmill Crane
44:24 Gillnets
45:53 Masonry
49:16 Imperial Age
47:00 Champion
50:40 Conscription
49:48 Capped Ram
51:25 Plate Mail Armor
51:51 Fereters
53:02 Blast Furnace
53:44 Medium Warships
55:23 Chemistry
54:58 Heavy Warships
55:27 Bracer
56:19 Clinker Construction
57:05 Careening
57:21 Guilds
56:46 Siege Ram
58:26 Carvel Hull
58:48 Dry Dock
DOX BRAZIL
10:22 Loom
14:00 Feudal Age
14:41 Fishing Lines
14:59 Town Watch
17:37 Man-at-Arms
19:21 Forging
23:20 Double-Bit Axe
29:33 Castle Age
29:16 Gold Mining
29:16 Stone Mining
30:37 Gillnets
31:51 Wheelbarrow
31:56 Gold Shaft Mining
32:54 Squires
32:58 Scale Mail Armor
41:40 Imperial Age
39:43 Chain Mail Armor
40:11 Iron Casting
40:50 Medium Warships
43:20 Elite Samurai
44:22 Conscription
44:34 Murder Holes
45:51 Plate Mail Armor
44:53 Elite Skirmisher
46:47 Padded Archer Armor
46:38 Fletching
47:48 Blast Furnace
48:29 Bodkin Arrow
51:26 Bow Saw
51:47 Long Swordsman
52:13 Gambesons
52:34 Two-Handed Swordsman
Connection lost

Rejoining the realm…

Still unreachable

The connection could not be restored.

Session expired

The server has moved on; the page needs a fresh start.